 Seeded DCSS version 0.30.1-3-gfc49f6343a (webtiles) character file.

Game seed: 5314445264556723593 (custom seed)

134 bmack86 the Chopper (level 4, -4/39 HPs)
             Began as a Minotaur Fighter on Aug 8, 2023.
             Slain by Grinder (9 damage)
             ... on level 3 of the Dungeon.
             The game lasted 00:04:36 (1753 turns).

bmack86 the Chopper (Minotaur Fighter)              Turns: 1753, Time: 00:04:37

Health: -4/39      AC:  9    Str: 23    XL:     4   Next: 95%
Magic:  3/3        EV:  8    Int:  5    God:
Gold:   269        SH:  4    Dex:  9    Spells: 3/3 levels left

rFire   . . .        a - +0 war axe
rCold   . . .        c - +0 buckler
rNeg    . . .        m - +0 chain mail
rPois   .            (helmet restricted)
rElec   .            (no cloak)
rCorr   .            (no gloves)
SInv    .            (no boots)
Will    .....        (no amulet) Stlth
                     k - +4 ring of slaying
HPRegen 0.26/turn    n - ring of flight
MPRegen 0.08/turn

%: no passive effects
@: flying
A: horns 2, retaliatory headbutt
a: no special abilities


You were on level 3 of the Dungeon.
You visited 1 branch of the dungeon, and saw 3 of its levels.

You collected 269 gold pieces.

Inventory:

Hand Weapons
 a - a +0 war axe (weapon)
Missiles
 e - 3 boomerangs (quivered)
Armour
 b - a +0 scale mail
 c - a +0 buckler (worn)
 m - a +0 chain mail (worn)
Jewellery
 k - a +4 ring of slaying (left hand)
 n - a ring of flight (right hand)
Scrolls
 g - 2 scrolls of poison {unknown}
 j - a scroll of magic mapping {unknown}
 l - a scroll of silence {unknown}
 p - a scroll of fear {unknown}
 q - a scroll of noise {unknown}
Potions
 d - 2 potions of might
 f - a potion of resistance
 h - 2 potions of curing
 i - a potion of haste {unknown}
 o - 2 potions of berserk rage {unknown}
 r - a potion of flight {unknown}


   Skills:
 - Level 3.6 Fighting
 + Level 6.3 Axes
 - Level 3.6 Armour
 - Level 3.6 Shields


You had 3 spell levels left.
You didn't know any spells.
Your spell library was empty.

Dungeon Overview and Level Annotations

Branches:
Dungeon (3/15)

Altars:
Wu Jian

Annotations:
D:3 Grinder


Innate Abilities, Weirdness & Mutations

You have a pair of horns on your head.
You reflexively headbutt those who attack you in melee.


Message History

h - 2 potions of curing (gained 1) HP restored.
A kobold comes into view. It is wielding a +0 dagger.
The kobold shouts!
The kobold throws a stone.
The stone hits you but does no damage.
The kobold throws a stone.
The stone hits you but does no damage. The kobold hits you but does no damage.
You barely miss the kobold. Your headbutt misses the kobold.
The kobold hits you but does no damage.
You hit the kobold.
You kill the kobold!
Things that are here:
a +0 dagger; 3 stones; a kobold corpse
Found an escape hatch in the floor.
p - a scroll labelled ZUUHOE SUZXEMP You see here a +0 ring mail.
Found a stone staircase leading down.
Found a stone staircase leading up.
Grinder comes into view.
Found 4 stones.
Grinder shouts!
Grinder gestures at you. You resist with significant effort.
You see here a +0 ring mail.
Grinder attacks as you move away! Grinder hits you.
You writhe in agony.
Grinder attacks as you move away! Grinder hits you.
You closely miss Grinder. Your headbutt misses Grinder. Grinder hits you!
You writhe in agony.
You closely miss Grinder. You headbutt Grinder!
Grinder is moderately wounded.
Grinder closely misses you. Grinder hits you.
You slash Grinder! You headbutt Grinder.
Grinder is heavily wounded.
Grinder gestures at you. Pain shoots through your body!
* * * LOW HITPOINT WARNING * * *
You hit Grinder.
Grinder is heavily wounded.
Grinder hits you!
You die...

. .# #.....###.#
######.# #.###
###.##.## #.#
#.....(.#.... ..#.##.#
.# ##..>..##...#
#.#.##.# #
<5.....##...# #.#.##.#
#.....##...# #.#.##.#
#........#.### #.#.##)#
######...#...###.#.##.#
#5#####[.5@......#
#...#...###.#.####
###.#.### #.#>.. #...#
#.##### ##.## #.# #.#
#.# #.. ..# #### ###


You could see Grinder.

Vanquished Creatures
  4 gnolls (D:2)
  3 adders (D:2)
  A worm (D:2)
  A dart slug (D:2)
  2 ball pythons (D:1)
  10 endoplasms
  2 giant cockroaches
  3 goblins (D:1)
  8 hobgoblins
  2 jackals (D:2)
  6 kobolds
  2 quokkas (D:2)
  6 bats
  3 frilled lizards
  5 rats
58 creatures vanquished.

Notes
Turn   | Place    | Note
-------+----------+-------------------------------------------
     0 | D:1      | bmack86 the Minotaur Fighter began the quest for the Orb.
     0 | D:1      | Reached XP level 1. HP: 19/19 MP: 0/0
    29 | D:1      | Reached skill level 3 in Axes
    59 | D:1      | Reached XP level 2. HP: 24/26 MP: 1/1
   401 | D:1      | Reached skill level 4 in Axes
  1029 | D:2      | Reached XP level 3. HP: 31/31 MP: 2/2
  1053 | D:2      | Found an ornate altar of the Wu Jian Council.
  1115 | D:2      | Reached skill level 5 in Axes
  1121 | D:2      | Reached XP level 4. HP: 24/39 MP: 3/3
  1457 | D:2      | Reached skill level 6 in Axes
  1732 | D:3      | Noticed Grinder
  1753 | D:3      | Slain by Grinder

Illustrated notes

Levels and vault maps discovered:
D:1:      dpeg_arrival_rhombi, layout_basic, chequers_arboretum,
          minmay_crystal_room
D:2:      layout_rooms, basic_altar, minmay_gold_behind_fungi,
          minmay_misc_feat_chi, serial_bayou_pond_b
D:3:      layout_loops_ring, nicolae_dithmenos_shadow_blocks, tgw_xom,
          uniq_grinder

Skill      XL: |  1  2  3  4 |
---------------+-------------+-----
Axes           | 3 4 5 6 |  6.3
Fighting       | |  3.6
Armour         | |  3.6
Shields        | |  3.6

Action                     |  1- 3 |  4- 6 || total
---------------------------+-------+-------++-------
  Melee: War axe           |    51 |    51 ||   102
         Headbutt          |     5 |     5 ||    10
  Throw: Boomerang         |     8 |       ||     8
    Use: Scroll            |       |     2 ||     2
         Potion            |       |     1 ||     1
 Armour: Scale mail        |    19 |       ||    19
         Chain mail        |    15 |    26 ||    41
  Dodge: Dodged            |    37 |    15 ||    52
  Block: Buckler           |    15 |     5 ||    20
